 Dungeon Crawl Stone Soup version 0.31-a0-692-gf03d1854d5 (webtiles) character file.

Game seed: 9370214803023458288

72 qw the Shooter (level 4, -1/28 HPs)
             Began as a Gargoyle Hunter on Sept 6, 2023.
             Slain by an orc
             ... wielding a +0 flail
              (6 damage)
             ... on level 3 of the Dungeon.
             The game lasted 00:00:33 (1726 turns).

qw the Shooter (Gargoyle Hunter)                    Turns: 1726, Time: 00:00:33

Health: -1/28      AC:  8    Str: 15    XL:     4   Next: 25%
Magic:  4/4        EV: 11    Int:  9    God:
Gold:   24         SH:  0    Dex: 15    Spells: 3/3 levels left

rFire   . . .        Y - +0 shortbow
rCold   . . .        (shield currently unavailable)
rNeg    + . .        f - +0 ring mail
rPois   inf          (no helmet)
rElec   +            (no cloak)
rCorr   .            (no gloves)
SInv    .            (no boots)
Will    .....        (no amulet)
Stlth   +            (no ring)
HPRegen 0.24/turn    (no ring)
MPRegen 0.09/turn

%: no passive effects
@: no status effects
A: sickness immunity, AC +3, negative energy resistance 1, electricity
resistance, torment resistance 1, petrification resistance
a: no special abilities


You were on level 3 of the Dungeon.
You visited 1 branch of the dungeon, and saw 3 of its levels.

You collected 24 gold pieces.


Innate Abilities, Weirdness & Mutations

You are immune to sickness and miasma.
Your stone body is resilient. (AC +3)
You are immune to poison.
You resist negative energy. (rN+)
You are resistant to electric shocks. (rElec)
You are resistant to unholy torment.
You are immune to petrification.


   Skills:
 - Level 3.0 Fighting
 + Level 5.1 Ranged Weapons
 - Level 1.0 Armour
 - Level 1.5 Dodging
 - Level 1.1 Stealth


You had 3 spell levels left.
You didn't know any spells.
Your spell library was empty.

Inventory:

Hand Weapons
 Y - a +0 shortbow (weapon)
Armour
 f - a +0 ring mail (worn)
Scrolls
 a - a scroll of identify
 b - a scroll of noise {unknown}
Potions
 c - a potion of haste {unknown}
 d - a potion of enlightenment {unknown}
 e - a potion of brilliance {unknown}
 g - a potion of curing
 h - a potion of lignification {unknown}

Dungeon Overview and Level Annotations

Branches:
Dungeon (3/15)

Altars:

Shops:
D:2 ?


Message History

The ball python constricts you. The orc hits you but does no damage.
The ball python bites you but does no damage.
The ball python constricts you.
You shoot an arrow.
The arrow closely misses the ball python.
The arrow hits the orc but does no damage.
The orc is almost dead.
The orc hits you with a +0 club. The ball python barely misses you.
The ball python constricts you. The orc hits you but does no damage.
You shoot an arrow. The arrow hits the ball python.
You kill the ball python!
The orc hits you but does no damage.
You shoot an arrow. The arrow barely misses the orc.
The orc closely misses you. The orc barely misses you.
You shoot an arrow. The arrow hits the orc.
The orc is heavily wounded.
The orc hits you but does no damage. The orc hits you with a +0 club.
You shoot an arrow. The arrow hits the orc.
The orc is almost dead.
The orc hits you with a +0 short sword. The orc hits you but does no damage.
The orc barely misses you. x2
You shoot an arrow. The arrow barely misses the orc.
The orc closely misses you. The orc hits you with a +0 short sword.
You shoot an arrow. The arrow barely misses the orc.
The orc barely misses you. x2
You shoot an arrow. The arrow barely misses the orc.
The orc hits you but does no damage. x2
You shoot an arrow. The arrow closely misses the orc.
The orc hits you with a +0 short sword. The orc hits you but does no damage. x2
The orc misses you.
You shoot an arrow. The arrow hits the orc.
You kill the orc!
The orc hits you with a +0 short sword.
You shoot an arrow. The arrow hits the orc.
The orc is severely wounded.
You shoot an arrow.
The arrow hits the orc but does no damage.
The orc is severely wounded.
The orc hits you but does no damage. The orc hits you with a +0 flail.
You die...

...# ..###) ...#
#..... #.......
...#
#...##.#.......
..## ###).....
.......
..######.....#
.....$.
.............#
..!.)
.............# ...
..........##.####o#
..........+.....@o#
..........###.#####
..........# #..#
..........####'####
....<.............#
.........[......#
#######.........+
#.........#
#.........#


You could see 2 orcs.

Vanquished Creatures
  An adder (D:2)
  2 dart slugs
  3 worms (D:2)
  10 orcs (D:3)
  3 endoplasms (D:2)
  A giant cockroach (D:2)
  A goblin (D:2)
  4 hobgoblins
  2 quokkas
  5 ball pythons
  3 bats
  2 frilled lizards
  A kobold (D:1)
  4 rats
42 creatures vanquished.

Notes
Turn   | Place    | Note
-------+----------+-------------------------------------------
     0 | D:1      | qw the Gargoyle Hunter began the quest for the Orb.
     0 | D:1      | Reached XP level 1. HP: 12/12 MP: 1/1
     0 | D:1      | 0 ||| qw: Version: 0.3-a-76-g4403597
     0 | D:1      | 0 ||| qw: Game counter: 315
     0 | D:1      | 0 ||| qw: Melee chars always use a shield: true
     0 | D:1      | 0 ||| qw: God list: Okawaru
     0 | D:1      | 0 ||| qw: Allow faded altars: false
     0 | D:1      | 0 ||| qw: Do Orc after clearing Dungeon:15 true
     0 | D:1      | 0 ||| qw: Do second Lair branch before Depths: true
     0 | D:1      | 0 ||| qw: Lair rune preference: random
     0 | D:1      | 0 ||| qw: Goals: Normal
     0 | D:1      | 0 ||| PLANNING D:1-11
   108 | D:1      | Reached XP level 2. HP: 17/17 MP: 2/2
   381 | D:1      | 381 ||| READING 2 scrolls labelled CUOSEQ AZIMN.
   382 | D:1      | 382 ||| DROPPING scroll of butterflies.
   508 | D:2      | Reached skill level 5 in Ranged Weapons
   508 | D:2      | Reached XP level 3. HP: 13/21 MP: 3/3
   619 | D:2      | Found The Oracle's Delphic Readings.
   623 | D:2      | 623 ||| SHOPLISTING scroll of identify (24 gold, have 8).
   623 | D:2      | 623 ||| SHOPLISTING scroll of teleportation (36 gold, have
                  | 8).
  1171 | D:2      | 1171 ||| UPGRADING to +0 ring mail.
  1181 | D:2      | 1181 ||| DROPPING +0 leather armour.
  1182 | D:2      | 1182 ||| READING scroll labelled YCHEIL NURADE.
  1526 | D:2      | 1526 ||| READING scroll labelled DUNUDGH CALEOHA.
  1527 | D:2      | 1527 ||| DRINKING 2 murky red potions.
  1635 | D:3      | Reached skill level 1 in Armour
  1658 | D:3      | Reached XP level 4. HP: 25/27 MP: 4/4
  1662 | D:3      | Reached skill level 3 in Fighting
  1723 | D:3      | HP: 6/28 [orc/+0 short sword (4)]
  1726 | D:3      | Slain by an orc

Levels and vault maps discovered:
D:1:      lordsloth_arrival_two_stooges, layout_rooms
D:2:      layout_basic, nicolae_nh_oracle_at_delphi
D:3:      layout_basic, nicolae_ecumenical_snake_handling, serial_glass,
          glass_columns_c, glass_columns_a, item_on_display_a

Skill      XL: |  1  2  3  4 |
---------------+-------------+-----
Ranged Weapons | 5 |  5.1
Armour         | 1 |  1.0
Fighting       | 3 |  3.0
Dodging        | |  1.5
Stealth        | |  1.1

Action                     |  1- 3 |  4- 6 || total
---------------------------+-------+-------++-------
   Fire: Shortbow          |    98 |    32 ||   130
    Use: Scroll            |     3 |       ||     3
         Potion            |     1 |       ||     1
 Armour: Leather armour    |    13 |       ||    13
         Ring mail         |     9 |    31 ||    40
  Dodge: Dodged            |    11 |    18 ||    29

Table legend:
 A = Non-vault XP
 B = Vault XP
 C = Vault XP percentage of total XP
 D = Non-vault monster count
 E = Vault monster count
 F = Vault count percentage of total count
                 A         B        C        D         E       F
            +---------+---------+-------+---------+---------+-------
      Total |      95 |       8 |   7.8 |      39 |       3 |   7.1
            +---------+---------+-------+---------+---------+-------
        D:1 |      17 |       0 |   0.0 |      11 |       0 |   0.0
        D:2 |      37 |       7 |  15.9 |      12 |       2 |  14.3
        D:3 |      41 |       1 |   2.4 |      16 |       1 |   5.9
            +---------+---------+-------+---------+---------+-------
